 Dungeon Crawl Stone Soup version 0.19.1 (webtiles) character file.

37 Peloso the Skirmisher (level 3, 0/33 HPs)
             Began as a Ghoul Fighter on Dec 8, 2016.
             Slain by a goblin (3 damage)
             ... on level 2 of the Dungeon.
             The game lasted 00:01:33 (941 turns).

Peloso the Skirmisher (Ghoul Fighter)                Turns: 941, Time: 00:01:34

Health: 0/33       AC:  6    Str: 19    XL:     3   Next: 39%
Magic:  2/2        EV:  7    Int:  3    God:
Gold:   92         SH:  8    Dex:  9    Spells: 0 memorised, 2 levels left

rFire  . . .     SeeInvis .     a - +0 long sword
rCold  + . .     Gourm    .     b - +0 scale mail
rNeg   + + +     Faith    .     c - +0 shield
rPois  ∞         Spirit   .     (no helmet)
rElec  .         Reflect  .     (no cloak)
rCorr  .         Harm     .     (no gloves)
MR     .....                    (no boots)
Stlth  ..........               (no amulet)
                                (no ring)
                                (no ring)

@: rotting
A: rotting body, claws 1, carnivore 3, cold resistance 1, negative energy
resistance 3, slow regeneration 1, torment resistance, unbreathing
a: no special abilities


You were on level 2 of the Dungeon.
You were not hungry.

You visited 1 branch of the dungeon, and saw 2 of its levels.

You collected 92 gold pieces.

Inventory:

Hand Weapons
 a - a +0 long sword (weapon)
Armour
 b - a +0 scale mail (worn)
 c - a +0 shield (worn)
Jewellery
 i - an uncursed ring of wizardry {unknown}
Scrolls
 e - 3 scrolls of identify {unknown}
 j - 2 scrolls of remove curse {unknown}
Potions
 d - a potion of might
 l - a potion of mutation {unknown}
Comestibles
 f - a meat ration
 g - 2 slices of pizza
 h - a royal jelly
 k - a beef jerky


   Skills:
 + Level 3.7 Fighting
 + Level 2.2 Long Blades
 + Level 3.0 Armour
 + Level 0.1 Dodging
 + Level 3.1 Shields


You had 2 spell levels left.
You didn't know any spells.

Dungeon Overview and Level Annotations

Branches:
Dungeon (2/15)

Altars:


Innate Abilities, Weirdness & Mutations

Your body is rotting away.
You thrive on raw meat.
You are immune to poison.
You have sharp fingernails.
You are carnivorous and can eat meat at any time.
Your flesh is cold resistant. (rC+)
You are immune to negative energy. (rN+++)
You regenerate slowly when monsters are visible.
You are immune to unholy pain and torment.
You can survive without breathing.


Message History

The kobold shouts!
The goblin hits you.
* * * LOW HITPOINT WARNING * * *
The hobgoblin hits you but does no damage.
You completely miss the hobgoblin.
The hobgoblin is severely wounded.
The goblin hits you but does no damage. You block the hobgoblin's attack.
You hit the hobgoblin.
You kill the hobgoblin!
The goblin barely misses you. The jackal bites you.
* * * LOW HITPOINT WARNING * * *
You block the goblin's attack.
You closely miss the goblin. The jackal bites you.
* * * LOW HITPOINT WARNING * * *
The goblin hits you but does no damage. You block the jackal's attack.
You barely miss the goblin. You block the jackal's attack.
The goblin hits you but does no damage. The jackal bites you.
* * * LOW HITPOINT WARNING * * *
The goblin hits you.
You die...

#..## #...# #########
#...###.....#..
#######....#.........
.....................
##..................
######(..................
.......#.................
.......#@(...#...........
......Kh#g.####..........
........#..# ##.>.......
....!..%...# ##.#.##...
.........#.# #...##...
............ .........
.......###.## ........
......# ?# ........
h..(## . #......


You could see a jackal, a goblin and a kobold.

Vanquished Creatures
  An adder (D:2)
  3 bats
  3 hobgoblins
  8 jackals
  A quokka (D:2)
  4 goblins
  A kobold (D:2)
  3 rats
24 creatures vanquished.

Notes
Turn   | Place    | Note
-------+----------+-------------------------------------------
     0 | D:1      | Peloso the Ghoul Fighter began the quest for the Orb.
     0 | D:1      | Reached XP level 1. HP: 19/19 MP: 0/0
   301 | D:1      | Reached XP level 2. HP: 26/26 MP: 1/1
   921 | D:2      | Reached XP level 3. HP: 26/31 MP: 2/2
   941 | D:2      | Slain by a goblin

Skill      XL: |  1  2  3 |
---------------+----------+-----
Long Blades    | 2 |  2.2
Shields        | 3 |  3.1
Armour         | 3 |  3.0
Fighting       | |  3.7
Dodging        | |  0.1

Action                   || total
-------------------------++-------
Melee: Long sword        ||   102
  Eat: Chunk             ||     2
Armor: Scale mail        ||    59
Dodge: Dodged            ||    47
Block: Shield            ||    72
       Rpst.: Long sword ||    15
